 Dungeon Crawl Stone Soup version 0.18.1-50-g88ac8fd (webtiles) character file.

98 Mesmaeker13 the Conjurer (level 4, -3/33 HPs)
             Began as a Draconian Conjurer on Oct 26, 2016.
             Slain by evildog's ghost (9 damage)
             ... on level 3 of the Dungeon.
             The game lasted 00:04:20 (1776 turns).

Mesmaeker13 the Conjurer (Draconian Conjurer)       Turns: 1776, Time: 00:04:21

Health: -3/33      AC:  5    Str: 10    XL:     4   Next: 44%
Magic:  1/9        EV: 12    Int: 17    God:
Gold:   95         SH:  0    Dex: 11    Spells: 2 memorised, 6 levels left

rFire  . . .     SeeInvis .     j - +2 whip (elec)
rCold  . . .     Gourm    .     (armour unavailable)
rNeg   . . .     Faith    .     (no shield)
rPois  .         Spirit   .     (helmet restricted)
rElec  .         Dismiss  .     (no cloak)
rCorr  .         Reflect  .     (no gloves)
SustAt .         Harm     .     (no boots)
MR     +....                    (no amulet)
Stlth  ++........               (no ring)
                                m - ring of protection from magic

@: somewhat resistant to hostile enchantments, unstealthy
A: unfitting armour, cold-blooded, AC +5
a: no special abilities


You were on level 3 of the Dungeon.
You were not hungry.

You visited 1 branch of the dungeon, and saw 3 of its levels.

You collected 95 gold pieces.

Inventory:

Hand Weapons
 j - a +2 whip of electrocution (weapon)
Jewellery
 m - a ring of protection from magic (left hand)
Scrolls
 h - a scroll of fear
 i - 4 scrolls of random uselessness
 l - a scroll of enchant weapon
Potions
 c - a potion of agility {unknown}
 d - 2 potions of ambrosia {unknown}
 g - 3 potions of flight {unknown}
 k - a potion of heal wounds {unknown}
Books
 a - a book of Conjurations

   Spells                             Type                      Level
   a - Magic Dart                     Conjuration                  1
   b - Searing Ray                    Conjuration                  2
   c - Dazzling Spray                 Conjuration/Hexes            3
   d - Fulminant Prism                Conjuration/Hexes            4
   e - Iskenderun's Mystic Blast      Conjuration                  4
   f - Iskenderun's Battlesphere      Conjuration/Charms           5
Comestibles
 b - 2 bread rations
 f - 2 beef jerkies
 n - 2 fruits
 o - 2 chunks of flesh


   Skills:
 - Level 1.7 Dodging
 - Level 1.7 Stealth
 + Level 3.4 Spellcasting
 + Level 5.0 Conjurations


You had 6 spell levels left.
You knew the following spells:

 Your Spells              Type           Power        Failure   Level  Hunger
a - Magic Dart            Conj           ###.         2%          1    None
b - Searing Ray           Conj           ###...       3%          2    ##.....


Dungeon Overview and Level Annotations

Branches:
Dungeon (3/15)

Altars:
Ashenzari

Annotations:
D:3 evildog's ghost, amateur FoFi


Innate Abilities, Weirdness & Mutations

Your plain brown scales are hard (AC +5).
Your body does not fit into most forms of armour.
You are cold-blooded and may be slowed by cold attacks.


Message History

Casting: Searing Ray
Confirm with . or Enter, or press ? or * to list all spells.
Aiming: Searing Ray
Press: ? - help, Shift-Dir - straight line, f - evildog's ghost
Aim: evildog's ghost (heavily damaged)
The searing ray hits evildog's ghost.
Evildog's ghost is heavily damaged.
Evildog's ghost hits you.
The searing ray hits evildog's ghost.
Evildog's ghost is heavily damaged.
Evildog's ghost hits you!
The searing ray hits evildog's ghost.
Evildog's ghost is heavily damaged.
Evildog's ghost hits you.
Without enough magic to sustain it, your searing ray dissipates.
Evildog's ghost ripples.
Evildog's ghost hits you!
* * * LOW HITPOINT WARNING * * *
Evildog's ghost hits you!
You die...

# .# #.)...# # ###.###
#.# #.#
######.#########
.............>...
#######.#....#########
...#W##.###...#(#
#####@##.#.......#
#....(.#.#.#(#.#
#......# #..<#.#
#......#.###.#.#
#......#.#.....#
###.##.#.....#.#
#.##.###.#####.#
#.##....รท......#
#.######.#######


You could see evildog's ghost.

Vanquished Creatures
  4 adders (D:2)
  2 oozes (D:1)
  A dart slug (D:2)
  4 giant geckos
  2 ball pythons
  A giant cockroach (D:3)
  9 goblins
  2 hobgoblins
  A jackal (D:3)
  4 kobolds
  2 quokkas
  5 bats
  3 giant newts
  9 rats
49 creatures vanquished.

Notes
Turn   | Place    | Note
--------------------------------------------------------------
     0 | D:1      | Mesmaeker13 the Draconian Conjurer began the quest for the Orb.
     0 | D:1      | Reached XP level 1. HP: 14/14 MP: 3/3
   192 | D:1      | Reached XP level 2. HP: 19/20 MP: 0/5
   582 | D:1      | Reached XP level 3. HP: 26/26 MP: 0/7
   978 | D:2      | Learned a level 2 spell: Searing Ray
  1374 | D:2      | Reached XP level 4. HP: 27/33 MP: 2/8
  1699 | D:3      | Found a shattered altar of Ashenzari.
  1715 | D:3      | Reached skill level 5 in Conjurations
  1731 | D:3      | Noticed evildog's ghost (amateur FoFi)
  1776 | D:3      | Slain by evildog's ghost

Skill      XL: |  1  2  3  4 |
---------------+-------------+-----
Spellcasting   | 3 |  3.4
Conjurations   | 5 |  5.0
Dodging        | |  1.7
Stealth        | |  1.7

Action                   |  1- 3 |  4- 6 || total
-------------------------+-------+-------++-------
Melee: Unarmed           |    12 |       ||    12
       Tailslap          |     2 |       ||     2
       Short sword       |    25 |       ||    25
       Whip              |    14 |    17 ||    31
 Cast: Magic Dart        |    47 |     6 ||    53
       Searing Ray       |     1 |     2 ||     3
  Use: Scroll            |     3 |     1 ||     4
  Eat: Chunk             |     2 |     1 ||     3
Armor: Skin              |    16 |     9 ||    25
Dodge: Dodged            |    43 |    30 ||    73
